Map: Lightshade LE

Players

ShaDoWn - Winner!

  • Race: Protoss Protoss
  • Spawn Location: 5:00

BlyOnFire (Bly)

  • Race: Zerg Zerg
  • Spawn Location: 11:00

Event: DreamHack SC2 Masters 2020 Winter

VOD

Have the link to the VOD?

Description

Time

  • Played on: Oct. 21, 2020, 11:44 a.m.
  • Length: 14:00

All games in this series

Show
View Real Time Build Order
Export as new Build Order

ShaDoWn Protoss - Winner!

Build Orders: Oracle Opening 

Get SALT Encoding   

  12  0:00  Probe  
  13  0:12  Probe  
  14  0:21  Pylon  
  14  0:25  Probe  
  15  0:39  Probe (Chrono Boost)  
  15  0:41  Gateway  
  17  0:50  Probe (Chrono Boost)  
  17  0:54  Assimilator  
  17  0:55  Probe (Chrono Boost)  
  18  1:05  Probe  
  18  1:09  Pylon  
  19  1:14  Gateway  
  20  1:26  Zealot (Chrono Boost)  
  20  1:32  Cybernetics Core  
  21  1:34  Probe  
  22  1:41  Assimilator  
  22  1:45  Zealot  
  24  1:50  Probe  
  25  2:02  Probe  
  25  2:08  Adept  
  28  2:12  Adept  
  28  2:14  Pylon  
  30  2:18  Probe  
  31  2:28  Stargate  
  31  2:32  Probe  
  32  2:49  Probe  
  32  3:08  Pylon  
  31  3:15  Warp Gate  
  31  3:23  Oracle (Chrono Boost)  
  31  3:25  Nexus  
  34  3:29  Probe  
  35  3:36  Pylon  
  35  3:41  Probe  
  36  3:53  Oracle (Chrono Boost)  
  36  3:55  Probe  
  40  4:07  Probe  
  39  4:19  Probe  
  40  4:25  Oracle (Chrono Boost)  
  43  4:32  Probe (Chrono Boost)  
  43  4:37  Probe (Chrono Boost)  
  45  4:44  Probe (Chrono Boost)  
  46  4:47  Probe (Chrono Boost)  
  46  4:49  Probe (Chrono Boost)  
  46  4:52  Probe (Chrono Boost)  
  47  4:59  Probe  
  48  5:04  Adept x2, Probe  
  53  5:11  Nexus  
  53  5:12  Probe (Chrono Boost)  
  53  5:13  Pylon  
  54  5:16  Probe (Chrono Boost)  
  55  5:26  Robotics Facility  
  55  5:27  Probe (Chrono Boost)  
  57  5:29  Probe (Chrono Boost)  
  57  5:35  Probe  
  58  5:37  Probe  
  58  5:39  Sentry x2  
  63  5:44  Shield Battery  
  63  5:47  Pylon  
  63  5:49  Probe (Chrono Boost)  
  65  5:50  Probe (Chrono Boost)  
  65  5:54  Forge  
  65  5:56  Assimilator  
  65  5:57  Assimilator  
  65  6:01  Probe (Chrono Boost)  
  65  6:04  Probe (Chrono Boost)  
  67  6:06  Probe (Chrono Boost)  
  67  6:07  Twilight Council  
  67  6:09  Gateway  
  68  6:11  Probe  
  68  6:16  Probe (Chrono Boost)  
  70  6:23  Observer  
  72  6:25  Probe (Chrono Boost)  
  72  6:28  Probe (Chrono Boost)  
  74  6:33  Protoss Ground Weapons Level 1, Probe (Chrono Boost)  
  74  6:35  Probe (Chrono Boost)  
  74  6:38  Gateway, Probe (Chrono Boost)  
  77  6:40  Probe x2 (Chrono Boost)  
  77  6:48  Probe  
  77  6:52  Assimilator x2, Probe x2  
  80  7:00  Probe  
  81  7:04  Probe x2  
  83  7:12  Gateway  
  83  7:13  Gateway  
  83  7:14  Gateway  
  84  7:16  Templar Archives  
  84  7:20  Stalker x3  
  84  7:21  Shield Battery  
  84  7:22  Shield Battery  
  89  7:24  Immortal (Chrono Boost)  
  93  7:35  Shield Battery  
  93  7:36  Shield Battery  
  93  7:38  Pylon x3  
  93  7:41  Photon Cannon  
  93  7:49  Shield Battery  
  90  7:53  Stalker  
  90  7:55  Photon Cannon  
  90  7:58  Stalker x2, Blink (Chrono Boost)  
  94  7:59  Pylon  
  96  8:08  Stalker x2  
  96  8:12  Pylon, Sentry  
  101  8:13  Pylon  
  99  8:24  Stalker x3  
  99  8:26  Probe  
  103  8:29  Immortal (Chrono Boost)  
  104  8:36  Stalker  
  104  8:47  Sentry  
  106  8:49  Zealot  
  106  8:50  Sentry x2  
  106  8:51  Protoss Ground Weapons Level 2 (Chrono Boost)  
  106  8:52  Probe x2  
  114  8:58  Probe (Chrono Boost)  
  115  9:04  Immortal  
  122  9:10  Gateway  
  119  9:22  Stalker x3  
  119  9:23  Stalker x2  
  128  9:37  Probe  
  126  9:44  Robotics Bay  
  126  9:49  Probe  
  126  9:51  Sentry x2  
  131  9:53  Pylon  
  131  10:09  Probe  
  131  10:12  Nexus  
  132  10:14  Pylon  
  132  10:17  Stalker x4, Probe  
  139  10:22  Pylon  
  139  10:29  Colossus (Chrono Boost)  
  139  10:30  Photon Cannon  
  145  10:55  Stalker x5  
  153  11:02  Pylon  
  153  11:03  Pylon  
  153  11:07  Pylon  
  153  11:18  Sentry x2  
  155  11:21  Stalker x4  
  171  11:34  Warp Prism (Chrono Boost), Extended Thermal Lance  
  167  11:41  Shield Battery  
  167  11:42  Stalker x2  
  167  11:43  Photon Cannon  
  167  11:44  Stalker x2  
  167  11:46  Stalker  
  177  11:47  Sentry  
  179  12:00  Gateway  
  173  12:30  Stalker x3  
  173  12:31  Stalker x3  
  148  12:55  Stalker x7  
  156  12:59  Probe x2  
  156  13:00  Probe x2  
  160  13:06  Gateway  
  160  13:08  Gateway  
  160  13:13  Probe  
  160  13:19  Sentry x4  
  169  13:20  Stalker x3  
  161  13:43  Stalker x4  
  161  13:44  Stalker x3  
Show
View Real Time Build Order
Export as new Build Order

BlyOnFire Zerg 

Build Orders: 3 Hatch before Pool 

Get SALT Encoding   

  12  0:00  Drone  
  13  0:13  Drone  
  14  0:18  Overlord  
  14  0:27  Drone, Extractor  
  14  0:29  Drone, Extractor  
  16  0:54  Drone  
  17  0:57  Drone, Hatchery  
  17  1:20  Hatchery  
  17  1:24  Drone  
  17  1:36  Spawning Pool  
  17  1:39  Drone  
  17  1:44  Extractor  
  17  1:45  Drone  
  17  1:48  Drone  
  17  1:52  Drone  
  19  2:07  Overlord  
  19  2:24  Queen  
  19  2:26  Zergling x4  
  23  2:30  Zergling x4  
  23  2:31  Zergling x2  
  23  2:34  Queen  
  28  2:40  Overlord  
  28  2:51  Zergling x2  
  28  2:53  Metabolic Boost  
  29  3:04  Drone x2  
  30  3:06  Drone x3  
  32  3:17  Queen  
  32  3:33  Spore Crawler  
  32  3:34  Zergling x10  
  34  3:39  Spore Crawler  
  35  3:42  Drone  
  35  3:45  Drone x3  
  38  3:51  Spore Crawler  
  36  3:57  Overlord  
  35  4:06  Drone x3  
  38  4:10  Drone  
  38  4:11  Drone x2  
  42  4:19  Drone x4  
  40  4:36  Hatchery  
  40  4:38  Drone x2  
  41  4:40  Drone  
  42  4:47  Drone x3  
  45  4:53  Drone x3  
  46  5:00  Overlord  
  46  5:04  Extractor  
  44  5:13  Roach Warren  
  44  5:14  Zergling x8  
  47  5:20  Zergling x10  
  52  5:23  Queen  
  53  5:38  Drone x5  
  53  5:40  Drone  
  59  5:47  Drone  
  59  5:48  Queen x2  
  64  5:54  Drone x2  
  64  5:56  Overlord x2  
  66  6:07  Spore Crawler  
  65  6:11  Overlord x3  
  65  6:17  Drone x4  
  63  6:21  Drone  
  64  6:27  Drone x2  
  65  6:39  Extractor  
  64  6:45  Lair  
  64  6:46  Queen x2  
  68  6:47  Roach x6  
  68  6:52  Roach x2  
  84  7:05  Roach  
  84  7:06  Roach x6, Overlord  
  97  7:15  Overlord  
  97  7:24  Queen  
  98  7:30  Zergling x14  
  98  7:31  Zergling x2, Overlord x2  
  106  7:41  Ravager x5  
  106  7:42  Zergling x2  
  106  7:43  Zergling x4, Overlord  
  114  7:44  Overlord  
  114  7:45  Overlord  
  114  7:48  Overlord  
  114  7:53  Overseer x2  
  114  7:54  Zergling x2  
  114  7:55  Zergling x2  
  114  7:56  Overlord  
  111  8:13  Overlord  
  111  8:19  Drone  
  109  8:20  Overlord  
  109  8:23  Zergling x14  
  109  8:25  Drone  
  110  8:31  Overlord  
  98  8:34  Overlord  
  88  8:47  Roach x4  
  94  8:50  Extractor, Glial Reconstitution  
  91  8:57  Roach x3  
  95  9:06  Roach x4  
  95  9:07  Ravager  
  95  9:08  Ravager x2  
  106  9:14  Extractor  
  106  9:15  Extractor  
  104  9:19  Roach x4  
  111  9:25  Zergling x12  
  111  9:28  Hatchery  
  110  9:42  Drone  
  110  9:43  Drone x7  
  117  9:49  Baneling Nest  
  117  9:50  Ravager x3  
  119  10:03  Zergling x18  
  126  10:13  Ravager x3  
  127  10:25  Drone x12  
  137  10:31  Drone x2  
  137  10:34  Evolution Chamber  
  138  10:42  Baneling x11  
  138  10:43  Baneling  
  137  11:00  Drone x4  
  140  11:04  Zerg Melee Weapons Level 1  
  139  11:15  Drone x11  
  149  11:19  Hatchery  
  149  11:24  Overseer  
  148  11:28  Extractor  
  148  11:29  Spore Crawler  
  141  11:39  Hatchery  
  139  11:45  Infestation Pit  
  138  11:48  Drone x3  
  138  11:49  Zergling x32  
  138  11:51  Ravager x5  
  157  12:11  Zergling x14  
  157  12:12  Overlord  
  155  12:16  Centrifical Hooks  
  155  12:18  Drone, Overlord  
  155  12:19  Zergling x2  
  155  12:20  Zergling x18  
  151  12:24  Ravager x3  
  151  12:25  Ravager x2  
  151  12:26  Baneling x10  
  156  12:36  Roach x6  
  157  12:49  Roach x3  
  157  12:50  Roach x5  
  144  12:57  Roach x3  
  126  13:06  Ravager x4  
  126  13:08  Zergling x4  
  126  13:11  Ravager x3  
  133  13:24  Zergling x16  
  108  13:38  Roach x6  
  102  13:43  Baneling x6  
  102  13:45  Baneling x2  
Tags
 
Add a new tag
Caveats
  • Supply blocks, unpowered buildings, or Contaminate may cause inaccurate times.
  • Supply counts are checked every 10 seconds.